 Dungeon Crawl Stone Soup version 0.26.1-11-gd32895ea62 (webtiles) character file.

Game seed: 13424170766898490844

50 Zeld the Skirmisher (level 4, -3/37 HPs)
             Began as a Human Monk on June 9, 2021.
             Slain by an adder (4 damage)
             ... on level 2 of the Dungeon.
             The game lasted 00:03:56 (1656 turns).

Zeld the Skirmisher (Human Monk)                    Turns: 1656, Time: 00:03:57

Health: -3/37      AC:  2    Str: 12    XL:     4   Next: 4%
Magic:  4/4        EV: 13    Int: 11    God:
Gold:   110        SH:  0    Dex: 15    Spells: 3/3 levels left

rFire    . . .     SeeInvis .     - Unarmed
rCold    . . .     Faith    .   (no shield)
rNeg     . . .     Spirit   .   a - +0 robe
rPois    .         Reflect  .   (no helmet)
rElec    .         Harm     .   (no cloak)
rCorr    .         Rampage  .   (no gloves)
Will     .....                  (no boots)
Stlth    ++........             (no amulet)
HPRegen  0.12/turn              (no ring)
MPRegen  0.09/turn              (no ring)

@: no status effects
A: no striking features
a: no special abilities


You were on level 2 of the Dungeon.
You visited 1 branch of the dungeon, and saw 2 of its levels.

You collected 110 gold pieces.

Inventory:

Armour
 a - a +0 robe (worn)
Jewellery
 b - a cursed -4 ring of slaying {unknown}
Scrolls
 c - a scroll of remove curse {unknown}
 e - 2 scrolls of teleportation {unknown}
 f - a scroll of magic mapping {unknown}
 g - 3 scrolls of identify {unknown}
 j - a scroll of noise {unknown}
Potions
 d - a potion of lignification {unknown}
 h - a potion of curing {unknown}
 i - 2 potions of haste {unknown}


   Skills:
 * Level 3.7 Fighting
 * Level 1.8 Throwing
 + Level 3.3 Dodging
 - Level 2.0 Stealth
 - Level 3.0 Unarmed Combat


You had 3 spell levels left.
You didn't know any spells.
Your spell library was empty.

Dungeon Overview and Level Annotations

Branches:
Dungeon (2/15)

Altars:


Message History

You hit the orc but do no damage.
The orc is heavily wounded.
The orc completely misses you.
Really walk into that dispersal trap?
You enter a dispersal trap!
The orc blinks! x2; You blink.
A ball python comes into view.
An adder comes into view.
The adder hisses angrily.
The ball python hisses angrily.
The orc hits you with a +0 club.
* * * LOW HITPOINT WARNING * * *
Found a leather armour.
The adder bites you.
* * * LOW HITPOINT WARNING * * *
The ball python barely misses you. The ball python closely misses you.
The adder closely misses you. The adder barely misses you.
The ball python barely misses you. x2
You open the door. The adder bites you.
* * * LOW HITPOINT WARNING * * *
The adder bites you.
You die...

#....#......
#..........#
#..........+
#..........#
######..........#
#.....###o......#
#.....# #.......#
###...).###o......#
#.......'@SS.......
#.......###########
#...^#### ###...#
#...# #.".# #§†.#
#...# ### #...#
#...


You could see an adder, an orc and a ball python.

Vanquished Creatures
  A gnoll (D:1)
  A dart slug (D:1)
  A leopard gecko (D:1)
  2 orcs (D:2)
  3 bats (D:1)
  A giant cockroach (D:1)
  4 goblins
  A hobgoblin (D:2)
  5 jackals
  2 kobolds (D:1)
  A quokka (D:2)
  2 ball pythons (D:1)
  2 frilled lizards (D:1)
  8 rats
34 creatures vanquished.

Notes
Turn   | Place    | Note
-------+----------+-------------------------------------------
     0 | D:1      | Zeld the Human Monk began the quest for the Orb.
     0 | D:1      | Reached XP level 1. HP: 18/18 MP: 1/1
   190 | D:1      | Reached XP level 2. HP: 21/24 MP: 2/2
   304 | D:1      | Reached skill level 1 in Throwing
   483 | D:1      | Reached XP level 3. HP: 26/29 MP: 3/3
  1541 | D:2      | Reached XP level 4. HP: 22/37 MP: 4/4
  1656 | D:2      | HP: 1/37 [adder (2)]
  1656 | D:2      | Slain by an adder

Illustrated notes

Levels and vault maps discovered:
D:1:      minmay_arrival_shattered_statue, layout_rooms, minmay_pentomino_z2
D:2:      minmay_roachtagon, layout_basic, st_stairs_1,
          chequers_serial_rivers_micro_c, serial_bayou_pond_d, roderic_lattice_a

Skill      XL: |  1  2 |
---------------+-------+-----
Throwing       | 1 |  1.8
Fighting       | |  3.7
Dodging        | |  3.3
Stealth        | |  2.0
Unarmed Combat | |  3.0

Action                   |  1- 3 |  4- 6 || total
-------------------------+-------+-------++-------
Melee: Unarmed           |   117 |    22 ||   139
Throw: Stone             |    34 |       ||    34
 Stab: Distracted        |     1 |       ||     1
       Sleeping          |     1 |       ||     1
Armor: Robe              |    36 |     2 ||    38
Dodge: Dodged            |   108 |    15 ||   123
